AoeStats
← Comend x comend

Black Forest

506995625Analyzed
4v4 RM · 16d ago on Sep 16, 2026· 36m 6s· 8 players
Game mode
Random Map
Map size
Large (8 player)
Population
200
Speed
Normal
Resources
Standard
Victory
Conquest
Starting age
Dark Age
Ending age
Imperial Age
RankedLock teamsTeams togetherTeam positionsShared explorationLock speedFull tech treeHidden civsTurbo modeCheats
Victory
Defeat
🇲🇽 Khmer · Mexico
1484
+14
🇧🇷 Sicilians · Brazil
1464
+15
🇷🇺 Poles · Russia
1395
+18
🇵🇪 Turks · Peru
1375
+18
🇻🇳 Mapuche · Vietnam
1441
-17
🇵🇪 Slavs · Peru
1437
-16
🇧🇷 Vietnamese · Brazil
1434
-16
🇦🇷 Magyars · Argentina
1421
-16
逆·风
0:45 Loom
16:25 Feudal Age
16:58 Double-Bit Axe
17:13 Gold Mining
18:32 Wheelbarrow
18:56 Town Watch
PocaChota
7:44 Loom
10:23 Feudal Age
10:30 Man-at-Arms
14:07 Double-Bit Axe
24:58 Castle Age
24:07 Bloodlines
30:43 Castle Age
31:53 Bow Saw
31:29 Town Watch
32:22 Wheelbarrow
BigBanana
6:31 Loom
11:48 Feudal Age
12:42 Double-Bit Axe
12:44 Town Watch
15:44 Castle Age
17:10 Bow Saw
17:40 Fishing Lines
17:42 Horse Collar
20:02 Wheelbarrow
23:27 Pikeman
24:40 Heavy Plow
24:42 Squires
24:43 Scale Mail Armor
33:24 Hand Cart
36:09 Imperial Age
Valodimer
6:51 Loom
7:55 Loom
10:11 Feudal Age
10:45 Double-Bit Axe
12:33 Wheelbarrow
14:48 Castle Age
18:06 Bow Saw
19:03 Horse Collar
20:19 Heavy Plow
23:39 Fletching
24:23 Bodkin Arrow
25:42 Padded Archer Armor
26:31 Ballistics
26:45 Leather Archer Armor
30:33 Hand Cart
30:04 Town Watch
34:04 Imperial Age
31:40 Stone Mining
31:41 Gold Mining
35:32 Ring Archer Armor
34:30 Elite Bolas Rider
35:32 Malon
36:59 Chemistry
thefacelessz12
0:48 Loom
9:47 Feudal Age
13:54 Castle Age
13:33 Double-Bit Axe
15:58 Bow Saw
20:32 Fishing Lines
24:46 Horse Collar
26:41 Heavy Plow
31:20 Imperial Age
29:02 Gold Mining
30:13 Wheelbarrow
30:41 Gold Shaft Mining
30:00 Gillnets
31:30 Ballistics
32:05 Double Crossbow
31:38 Heavy Scorpion
32:02 Capped Ram
33:18 Siege Engineers
34:16 Conscription
34:13 Siege Ram
Comend x comend
1:46 Loom
12:22 Feudal Age
16:24 Castle Age
20:48 Imperial Age
Watermelon
7:11 Loom
12:11 Feudal Age
13:09 Double-Bit Axe
16:03 Castle Age
13:58 Horse Collar
16:45 Heavy Plow
18:26 Bloodlines
18:17 Husbandry
21:01 Scale Barding Armor
21:05 Szlachta Privileges
24:01 Scale Barding Armor
26:52 Chain Barding Armor
28:43 Forging
30:40 Bow Saw
32:15 Iron Casting
32:43 Gold Mining
36:22 Imperial Age
PoopMaster
0:26 Loom
Connection lost

Rejoining the realm…

Still unreachable

The connection could not be restored.

Session expired

The server has moved on; the page needs a fresh start.